 Dungeon Crawl Stone Soup version 0.29.1-2-gbd0b4ee654 (webtiles) character file.

Game seed: 6269710390959409657

251 qeuew the Sneak (level 5, -6/24 HPs)
             Began as a Spriggan Enchanter on Nov 11, 2022.
             Mangled by Grinder (9 damage)
             ... on level 3 of the Dungeon.
             The game lasted 00:04:24 (3609 turns).

qeuew the Sneak (Spriggan Enchanter)                Turns: 3609, Time: 00:04:24

Health: -6/24      AC:  2    Str:  4    XL:     5   Next: 88%
Magic:  9/12       EV: 19    Int: 16    God:
Gold:   245        SH:  0    Dex: 18    Spells: 4/12 levels left

rFire   . . .      SeeInvis +   j - +1 dagger (drain)
rCold   . . .      Faith    .   (no shield)
rNeg    . . .      Spirit   .   b - +0 robe
rPois   .          Reflect  .   (helmet restricted)
rElec   .          Harm     .   (no cloak)
rCorr   .          Rampage  .   (gloves unavailable)
Will    +....                   (boots unavailable)
Stlth   +++.......              (no amulet)
HPRegen 0.08/turn               a - ring of willpower
MPRegen 0.13/turn               (no ring)

@: very quick
A: very small, no large weapons, unfitting armour, see invisible, speed 3
a: no special abilities


You were on level 3 of the Dungeon.
You visited 1 branch of the dungeon, and saw 3 of its levels.

You collected 245 gold pieces.

Inventory:

Hand Weapons
 j - a +1 dagger of draining (weapon)
Armour
 b - a +0 robe (worn)
Jewellery
 a - a ring of willpower (left hand)
Scrolls
 d - a scroll of teleportation
 e - a scroll of fog {unknown}
 f - a scroll of magic mapping
Potions
 c - 2 potions of invisibility
 g - a potion of might {unknown}
 h - a potion of heal wounds


   Skills:
 + Level 3.0 Short Blades
 + Level 4.3 Dodging
 + Level 6.0 Stealth
 + Level 4.0 Spellcasting
 + Level 4.8 Hexes


You had 4 spell levels left.
You knew the following spells:

 Your Spells              Type           Power      Damage    Failure   Level
a - Ensorcelled Hibernat  Hex/Ice        22%        N/A       10%         2
b - Dazzling Flash        Conj/Hex       22%        N/A       19%         3
c - Confusing Touch       Hex            18%        N/A       7%          3

Your spell library contained the following spells:

 Spells                   Type           Power      Damage    Failure   Level
 Slow                     Hex            72%        N/A       2%          1
 Tukima's Dance           Hex            18%        N/A       7%          3
 Apportation              Tloc           6%         N/A       17%         1
 Magic Dart               Conj           12%        1d3       17%         1
 Necrotise                Necr           12%        1d4       17%         1
 Summon Small Mammal      Summ           12%        N/A       17%         1
 Fireball                 Conj/Fire      1%         3d3       99%         5
 Starburst                Conj/Fire      1%         6d3       100%        6
 Enfeeble                 Hex            9%         N/A       100%        7


Dungeon Overview and Level Annotations

Branches:
Dungeon (3/15)

Altars:

Annotations:
D:3 2 transporters, 2 runed translucent doors, CBASSkasper's ghost, amateur MiWn; Grinder


Innate Abilities, Weirdness & Mutations

You are very small and have problems with some larger weapons.
You are too small for most types of armour.
You have supernaturally acute eyesight. (SInv)
You cover ground extremely quickly. (Speed+++)


Message History

You kill the gnoll!
Your Short Blades skill increases to level 3!
Grinder comes into view.
Found 11 gold pieces.
There is an open door here.
Grinder is nearby!
Grinder shouts!
You hit Grinder but do no damage.
Grinder says, "You look like you could use a good racking."
Grinder hits you!
You writhe in agony.
Aiming: Ensorcelled Hibernation (safe; 10% risk of failure)
Press: ? - help, Q - select action Shift-Dir - straight line, f - Grinder
Aim: Grinder (not susceptible)
Okay, then.
Casting: Ensorcelled Hibernation (safe; 10% risk of failure)
Confirm with . or Enter, or press ? or * to list all spells.
Okay, then.
Casting: Ensorcelled Hibernation (safe; 10% risk of failure)
Confirm with . or Enter, or press ? or * to list all spells.
Okay, then.
Casting: Ensorcelled Hibernation (safe; 10% risk of failure)
Confirm with . or Enter, or press ? or * to list all spells.
The spell is quite dangerous to miscast (7% risk of failure)!
Continue anyway?
Your hands begin to glow red.
Grinder hits you!
* * * LOW HITPOINT WARNING * * *
You hit Grinder but do no damage.
Grinder appears confused.
Grinder closely misses you.
You hit Grinder.
Grinder is lightly wounded.
You catch the helpless Grinder completely off-guard!
You impale Grinder!!
Grinder is heavily wounded.
Grinder barely misses you.
You hit Grinder.
Grinder is heavily wounded.
Grinder barely misses you.
You barely miss Grinder.
Grinder is heavily wounded.
Grinder hits you!
You die...

##.#####.# #......###.#.###
#.# #.####....#.#...#...#
#.# #.##......###.###...##
#.# #.##.#....###...###...
#.#####.##.#............#...
#......†##.#..........#.####
##########.#.#.###......# #
###'###.# #.###.....
#...@...# #.# ..####
#...5...# #.. .###..
#.......# ### #.. #.......#
.#.. #.......# ....
#.......# ..## #..$....#
#########


You could see Grinder (confused).

Vanquished Creatures
  A phantom (D:3)
  A jelly (D:2)
  Terence (D:3)
  Robin (D:2)
  3 gnolls
  An adder (D:3)
  3 dart slugs
  2 worms
  4 orcs (D:3)
  2 endoplasms (D:1)
  2 giant cockroaches (D:2)
  10 goblins (D:2)
  5 hobgoblins
  8 kobolds
  A quokka (D:1)
  4 ball pythons
  3 bats
  3 frilled lizards
  4 rats
59 creatures vanquished.

Notes
Turn   | Place    | Note
-------+----------+-------------------------------------------
     0 | D:1      | qeuew the Spriggan Enchanter began the quest for the Orb.
     0 | D:1      | Reached XP level 1. HP: 9/9 MP: 5/5
   268 | D:1      | Reached XP level 2. HP: 13/13 MP: 6/6
   666 | D:1      | Found a faded altar of an unknown god.
   681 | D:1      | Learned a level 2 spell: Ensorcelled Hibernation
  1512 | D:2      | Reached XP level 3. HP: 15/16 MP: 8/8
  1572 | D:2      | Got the Compilation of Disestablishmentarianism
  1843 | D:2      | Noticed Robin
  2053 | D:2      | Reached skill level 5 in Stealth
  2070 | D:2      | Killed Robin
  2474 | D:2      | Reached XP level 4. HP: 13/21 MP: 7/10
  2488 | D:2      | Learned a level 3 spell: Dazzling Flash
  2492 | D:2      | Learned a level 3 spell: Confusing Touch
  2666 | D:3      | Found a transporter.
  2667 | D:3      | Noticed CBASSkasper's ghost (amateur MiWn)
  2668 | D:3      | Noticed an ogre
  2668 | D:3      | Noticed an ogre
  2686 | D:3      | Found a transporter.
  2687 | D:3      | Identified the +5 great mace "Spriggan's Peril" {drain,
                  | Dex+2}
  2687 | D:3      | Noticed an ogre
  2726 | D:3      | Found a large runed translucent door.
  2727 | D:3      | Found a large runed translucent door.
  2846 | D:3      | Noticed a phantom
  2873 | D:3      | Killed a phantom
  2874 | D:3      | Reached XP level 5. HP: 5/24 MP: 11/11
  3275 | D:3      | Noticed Terence
  3282 | D:3      | Killed Terence
  3397 | D:3      | Reached skill level 6 in Stealth
  3601 | D:3      | Noticed Grinder
  3609 | D:3      | Mangled by Grinder

Illustrated notes

Levels and vault maps discovered:
D:1:      nzn_arrival_settlement, layout_basic,
          hellmonk_ecumenical_altar_zigzags, minmay_misc_feat_rugged
D:2:      layout_loops_cross, uniq_robin
D:3:      layout_basic, jmf_multi_god_temple2, gammafunk_ghost_smash,
          uniq_grinder, uniq_sigmund, uniq_terence

Skill      XL: |  1  2  3  4  5 |
---------------+----------------+-----
Dodging        | 3 4 |  4.3
Spellcasting   | 3 4 |  4.0
Hexes          | 4 |  4.8
Stealth        | 5 6 |  6.0
Short Blades   | 2 3 |  3.0

Action                   |  1- 3 |  4- 6 || total
-------------------------+-------+-------++-------
Melee: Dagger            |   139 |    84 ||   223
       Punch             |       |     1 ||     1
 Cast: Ensorcelled Hiber |     3 |     4 ||     7
       Confusing Touch   |       |     1 ||     1
  Use: Scroll            |     5 |       ||     5
       Potion            |     2 |     2 ||     4
 Stab: Sleeping          |    19 |     6 ||    25
       Distracted        |     1 |       ||     1
       Confused          |       |     1 ||     1
Armor: Robe              |    26 |     7 ||    33
Dodge: Dodged            |   109 |    64 ||   173
